 Dungeon Crawl Stone Soup version 0.20.1-1-g8b1a95d66d (webtiles) character file.

895 Popi the Covered (level 8, -6/60 HPs)
             Began as a Human Fighter on Dec 20, 2017.
             Mangled by an ogre
             ... wielding a +0 giant spiked club
              (18 damage)
             ... on level 4 of the Dungeon.
             The game lasted 00:10:31 (3776 turns).

Popi the Covered (Human Fighter)                    Turns: 3776, Time: 00:10:32

Health: -6/60      AC: 15    Str: 18    XL:     8   Next: 27%
Magic:  8/8        EV:  6    Int:  9    God:
Gold:   247        SH:  0    Dex: 13    Spells: 7/7 levels left

rFire    . . .     SeeInvis .   a - +0 long sword
rCold    . . .     Gourm    .   (no shield)
rNeg     . . .     Faith    .   t - +0 plate armour
rPois    .         Spirit   .   (no helmet)
rElec    .         Reflect  .   (no cloak)
rCorr    .         Harm     .   A - +0 pair of gloves
MR       .....                  y - +0 pair of boots
Stlth    ..........             (no amulet)
Regen    0.2/turn               (no ring)
MPRegen  0.2/turn               (no ring)

@: no status effects
A: no striking features
a: no special abilities


You were on level 4 of the Dungeon.
You were near starving.

You visited 1 branch of the dungeon, and saw 4 of its levels.

You collected 247 gold pieces.

Inventory:

Hand Weapons
 a - a +0 long sword (weapon)
 v - a +0 hunting sling
Missiles
 w - 96 stones (quivered)
Armour
 b - a +0 scale mail
 t - a +0 plate armour (worn)
 y - a +0 pair of boots (worn)
 A - a +0 pair of gloves (worn)
Wands
 s - a wand of iceblast (7/15)
 u - a wand of polymorph (14/24)
Scrolls
 c - a scroll of amnesia {unknown}
 e - 6 scrolls of teleportation {unknown}
 g - a scroll of fog {unknown}
 h - a scroll of enchant armour {unknown}
 i - a scroll of blinking {unknown}
 j - a scroll of random uselessness {unknown}
 k - 6 scrolls of identify {unknown}
 m - 2 scrolls of magic mapping {unknown}
 n - a scroll of remove curse {unknown}
 o - a scroll of immolation {unknown}
 x - a scroll of fear {unknown}
Potions
 d - 2 potions of might
 p - a potion of degeneration {unknown}
 q - a potion of resistance {unknown}
 r - 2 potions of curing {unknown}
 z - a potion of flight {unknown}
Comestibles
 f - a bread ration
 l - a royal jelly


   Skills:
 - Level 4.1 Fighting
 - Level 4.2 Long Blades
 + Level 3.2 Slings
 - Level 7.1 Armour
 - Level 1.0 Dodging
   Level 3.0 Shields


You had 7 spell levels left.
You didn't know any spells.

Dungeon Overview and Level Annotations

Branches:
Dungeon (4/15)
 Temple: D:4-7

Altars:
Ashenzari
Uskayaw

Annotations:
D:4 ijan1's ghost, novice DrAK


Message History

The adder is severely wounded.
The adder barely misses you.
You riposte.
You miss the adder.
The adder is severely wounded.
The ogre hits you with a giant spiked club!!
You barely miss the ogre. The adder bites you but does no damage.
The ogre hits you with a giant spiked club!!
* * * LOW HITPOINT WARNING * * *
The adder bites you but does no damage.
You closely miss the ogre. The adder bites you but does no damage.
The ogre hits you but does no damage.
Your plate armour prevents you from hitting the ogre.
The adder bites you but does no damage. x2; The ogre barely misses you.
You hit the ogre.
The ogre is lightly wounded.
The adder bites you but does no damage.
You hit the ogre.
The ogre is moderately wounded.
The adder bites you but does no damage.
The ogre hits you with a giant spiked club!!
You die...

##......
#. ##.....
.## ##...#
... ##'#
... .# #.
#.# .# #
#.# .# #O#
S## #@# O.
#S# .#
#.######.#
#...OS...#
##########


You could see an ogre and an adder.

Vanquished Creatures
  Pikel (D:4)
  A slave (D:4)
  A howler monkey (D:4)
  A crimson imp (D:3)
  4 orc wizards
  2 iguanas (D:4)
  Jessica (D:2)
  Natasha (D:4)
  Terence (D:3)
  4 adders
  A worm (D:3)
  A dart slug (D:1)
  4 leopard geckos
  10 orcs
  9 giant cockroaches
  9 goblins
  11 hobgoblins
  A quokka (D:3)
  2 ball pythons
  5 bats
  6 frilled lizards
  4 kobolds
  7 rats
87 creatures vanquished.

Vanquished Creatures (others)
  Natasha (D:4)
  A frilled lizard (D:4)
  4 plants (D:4)
6 creatures vanquished.

Grand Total: 93 creatures vanquished

Notes
Turn   | Place    | Note
-------+----------+-------------------------------------------
     0 | D:1      | Popi the Human Fighter began the quest for the Orb.
     0 | D:1      | Reached XP level 1. HP: 18/18 MP: 1/1
   232 | D:1      | Reached XP level 2. HP: 16/24 MP: 2/2
   455 | D:1      | Found a shattered altar of Ashenzari.
   466 | D:1      | Reached XP level 3. HP: 28/29 MP: 3/3
   992 | D:2      | Noticed Jessica
  1134 | D:2      | Killed Jessica
  1134 | D:2      | Reached XP level 4. HP: 33/37 MP: 4/4
  1827 | D:3      | Reached XP level 5. HP: 37/42 MP: 5/5
  1960 | D:3      | Noticed Terence
  1971 | D:3      | Killed Terence
  2031 | D:3      | Found a hide-covered altar of Uskayaw.
  2297 | D:3      | Reached XP level 6. HP: 48/48 MP: 6/6
  2509 | D:4      | Noticed Natasha
  2580 | D:4      | Killed Natasha
  2580 | D:4      | Reached skill level 1 in Dodging
  2606 | D:4      | Reached skill level 1 in Slings
  2606 | D:4      | Reached skill level 4 in Armour
  2676 | D:4      | Reached XP level 7. HP: 22/54 MP: 7/7
  3044 | D:4      | Reached skill level 5 in Armour
  3068 | D:4      | Noticed Pikel
  3351 | D:4      | Killed Pikel
  3351 | D:4      | Reached skill level 7 in Armour
  3351 | D:4      | Reached XP level 8. HP: 32/60 MP: 8/8
  3381 | D:4      | HP: 2/60 [iguana (8)]
  3404 | D:4      | Killed Natasha
  3497 | D:4      | Noticed ijan1's ghost (novice DrAK)
  3776 | D:4      | Mangled by an ogre

Skill      XL: |  1  2  3  4  5  6  7  8 |
---------------+-------------------------+-----
Long Blades    | 3 4 |  4.2
Fighting       | 4 |  4.1
Dodging        | 1 |  1.0
Slings         | 1 2 3 |  3.2
Armour         | 4 7 |  7.1
Shields        | |  3.0

Action                   |  1- 3 |  4- 6 |  7- 9 || total
-------------------------+-------+-------+-------++-------
Melee: Long sword        |    77 |   146 |    81 ||   304
 Fire: Hunting sling     |       |     4 |       ||     4
  Eat: Chunk             |       |     5 |     3 ||     8
Armor: Scale mail        |    44 |    72 |    31 ||   147
       Plate armour      |       |     4 |    14 ||    18
Dodge: Dodged            |    44 |    82 |    32 ||   158
       Rpst.: Long sword |    12 |    24 |     9 ||    45
